 Dungeon Crawl Stone Soup version 0.30.0-5-g1a98f26d00 (webtiles) character file.

Game seed: 10975622812708315734

2167 greynaab the Carver (level 9, -1/90 HPs)
             Began as a Djinni Berserker on May 11, 2023.
             Was a Priest of Trog.
             Slain by a +1 spectral lajatang (18 damage)
             ... created by a spriggan
             ... in a bailey.
             The game lasted 00:29:53 (6277 turns).

greynaab the Carver (Djinni Berserker)              Turns: 6277, Time: 00:29:54

Health: -1/90      AC: 10    Str: 20    XL:     9   Next: 57%
Gold:   340        EV:  8    Int:  9    God:    Trog [***...] SH:  6 Dex: 19

rFire   + + .        b - +2 long sword (freeze)
rCold   x . .        k - +0 buckler
rNeg    . . .        x - +0 chain mail
rPois   ∞            C - +1 hat
rElec   .            t - +0 cloak
rCorr   .            (no gloves)
SInv    .            (boots unavailable)
Will    +....        (no amulet) Stlth
                     o - ring of willpower
HPRegen 0.35/turn    H - +6 ring of dexterity
MPRegen 0.00/turn

%: infuse magic (-2 HP)
@: berserking, flying, very quick
A: sickness immunity, fire resistance 2, cold vulnerability 1, float, innate
caster, HP casting, extra vitality 1
a: Renounce Religion, Berserk, Trog's Hand


You were in a bailey.
You worshipped Trog.
Trog was most pleased with you.
You visited 2 branches of the dungeon, and saw 8 of its levels.
You also visited: Bailey.

You collected 340 gold pieces.

Inventory:

Hand Weapons
 a - a +3 heavy scimitar
 b - a +2 long sword of freezing (weapon)
 D - a +1 heavy sling
 F - a +0 sling
Missiles
 c - 2 atropa-tipped darts
 m - 2 throwing nets
 s - 13 poisoned darts (quivered)
 L - a curare-tipped dart
Armour
 k - a +0 buckler (worn)
 t - a +0 cloak (worn)
 u - a +0 ring mail
 x - a +0 chain mail (worn)
 C - a +1 hat (worn)
Jewellery
 o - a ring of willpower (left hand)
 y - a ring of fire
 H - a +6 ring of dexterity (right hand)
Wands
 f - a wand of polymorph (6)
 G - a wand of acid (16)
Scrolls
 d - 3 scrolls of immolation
 h - 2 scrolls of noise
 i - 2 scrolls of silence
 j - 2 scrolls of torment {unknown}
 l - 2 scrolls of vulnerability {unknown}
 p - 2 scrolls of blinking {unknown}
 z - a scroll of enchant weapon {unknown}
 A - 2 scrolls of poison {unknown}
 E - 2 scrolls of fog
 K - a scroll of identify
Potions
 e - a potion of resistance {unknown}
 g - 2 potions of heal wounds {unknown}
 n - a potion of mutation {unknown}
 q - 3 potions of curing
 v - 2 potions of invisibility {unknown}
 w - 2 potions of might {unknown}
 B - 3 potions of ambrosia {unknown}
 I - a potion of berserk rage {unknown}
 J - a potion of magic {unknown}


   Skills:
 - Level 3.0 Fighting
 + Level 10.3 Long Blades
 - Level 2.0 Armour
 - Level 2.1 Dodging
 - Level 5.1 Shields


You knew the following spells:

 Your Spells              Type           Power      Damage    Failure   Level
a - Shock                 Conj/Air       0%         1d3       99%         1
b - Momentum Strike       Conj/Tloc      0%         3d8       99%         2
c - Ignite Poison         Fire/Tmut/Pois 0%         N/A       100%        3
d - Ice Form              Ice/Tmut       0%         N/A       100%        4
Your spell library was empty.


Dungeon Overview and Level Annotations

Branches:
Dungeon (7/15) Zot: 26931  Temple (1/1) D:4 Zot: 5854  Bailey (1/1) Zot: 5820

Altars:
Ashenzari
Dithmenos
Elyvilon
Fedhas
Gozag
Hepliaklqana
Makhleb
Nemelex Xobeh
Okawaru
Ru
Trog
Uskayaw
Wu Jian
Xom
Yredelemnul
Zin
The Shining One

Annotations:
D:3 1 runed translucent door


Innate Abilities, Weirdness & Mutations

You are immune to sickness and miasma.
You are immune to poison.
Your flesh is very heat resistant. (rF++)
You are vulnerable to cold. (rC-)
You float through the air rather than walking.
You learn spells naturally, not from books.
Your magical power is your life essence.
You have superior vitality. (+4 MHP)


Message History

The spriggan shouts!
You hit the ogre. You freeze the ogre.
The ogre is lightly wounded.
The ogre closely misses you.
You slash the ogre! You freeze the ogre.
The ogre is severely wounded.
The ogre hits you but does no damage.
You slash the ogre! You freeze the ogre.
You kill the ogre!
Trog accepts your kill.
Unknown command.
Aiming: Corrosive Bolt
Press: ? - help, Shift-Dir - straight line, f - spriggan
Aim: a spriggan, wielding a +1 spectral lajatang (43% to hit)
Okay, then.
Unknown command.
Aiming: Throw Flame
Press: ? - help, Shift-Dir - straight line, f - spriggan
Aim: a spriggan, wielding a +1 spectral lajatang (39% to hit)
The puff of flame misses the spriggan.
The now-empty wand crumbles to dust.
The spriggan is engulfed in a cloud of scalding steam.
A red film seems to cover your vision as you go berserk!
You feel yourself moving faster!
You feel mighty!
The spriggan is engulfed in a cloud of scalding steam.
You feel a strong urge to attack something.
The spriggan hits you with a +1 spectral lajatang!!
The +1 spectral lajatang hits you!!
A +1 spectral lajatang comes into view.
Things that are here:
a +0 halberd; a +0 halberd You miss the spriggan.
The spriggan is lightly wounded.
The +1 spectral lajatang hits you but does no damage.
You completely miss the spriggan.
The spriggan is lightly wounded.
The +1 spectral lajatang hits you.
The spriggan hits you with a +1 spectral lajatang!!
* * * LOW HITPOINT WARNING * * *
The +1 spectral lajatang hits you!!
You die...

#..## ##...##
♣..## #.)...#
#..###.....##
#..§§~..∩...#
♣..~~~......#
#..~§~......#
♣..~~~......#
#..~~~i.∩...#
♣..###@(...##
#..## #.....#
#..## ##...##
#..# ##.##
..# ### ..#
###


You could see a +1 spectral lajatang and a spriggan.

Vanquished Creatures
  A spriggan (Bailey)
  A water moccasin (D:6)
  2 black bears (D:4)
  2 ogres (Bailey)
  2 centaurs
  A kobold brigand (D:6)
  Blork the orc (D:5)
  A bullfrog (D:6)
  6 scorpions
  5 wights (D:6)
  A crimson imp (D:5)
  4 hounds
  A jelly (D:4)
  An iguana (D:6)
  Jessica (D:2)
  3 orc wizards
  Ijyb (D:3)
  6 gnolls (D:5)
  8 adders
  3 white imps
  A worm (D:4)
  3 dart slugs
  15 orcs
  5 ball pythons
  6 endoplasms
  2 giant cockroaches
  3 goblins
  3 hobgoblins
  4 jackals (D:3)
  13 kobolds
  5 quokkas
  3 bats
  4 frilled lizards
  2 rats (D:1)
120 creatures vanquished.

Notes
Turn   | Place    | Note
-------+----------+-------------------------------------------
     0 | D:1      | greynaab the Djinni Berserker began the quest for the Orb.
     0 | D:1      | Reached XP level 1. HP: 20/20 MP: 0/0
   110 | D:1      | Reached skill level 3 in Long Blades
   138 | D:1      | Found a faded altar of an unknown god.
   180 | D:1      | Reached XP level 2. HP: 19/25 MP: 0/0
   808 | D:2      | Reached XP level 3. HP: 30/30 MP: 0/0
   808 | D:2      | Learned a level 1 spell: Shock
   994 | D:2      | Reached skill level 1 in Shields
  1159 | D:2      | Reached XP level 4. HP: 35/35 MP: 0/0
  1167 | D:2      | Noticed Jessica
  1181 | D:2      | Killed Jessica
  1182 | D:2      | Reached skill level 4 in Long Blades
  1356 | D:2      | Reached ** piety under Trog
  1658 | D:3      | Noticed Ijyb
  1667 | D:3      | Killed Ijyb
  1668 | D:3      | Reached XP level 5. HP: 40/40 MP: 0/0
  1668 | D:3      | Learned a level 2 spell: Momentum Strike
  1711 | D:3      | Found a shadowy altar of Dithmenos.
  2239 | D:4      | Noticed a black bear
  2254 | D:4      | Killed a black bear
  2255 | D:4      | Reached XP level 6. HP: 46/46 MP: 0/0
  2318 | D:4      | Reached skill level 5 in Long Blades
  2385 | D:4      | Noticed a black bear
  2396 | D:4      | Killed a black bear
  2448 | D:4      | Found a broken altar of Ashenzari.
  2519 | D:4      | Reached XP level 7. HP: 36/50 MP: 0/0
  2519 | D:4      | Learned a level 3 spell: Ignite Poison
  2519 | D:4      | Found a staircase to the Ecumenical Temple.
  3167 | Temple   | Entered the Ecumenical Temple
  3601 | D:4      | You are sucked into a shaft and drop 2 floors!
  3601 | D:6      | Found a sacrificial altar of Ru.
  3625 | D:6      | Reached skill level 6 in Long Blades
  3625 | D:6      | Reached skill level 5 in Shields
  3657 | D:5      | Entered Level 5 of the Dungeon
  3709 | D:6      | Reached XP level 8. HP: 40/56 MP: 0/0
  3785 | D:6      | Identified the +3 quarterstaff "greynaab's Doom" {venom,
                  | Int+3}
  3909 | D:6      | Reached skill level 7 in Long Blades
  4830 | D:3      | Found a runed translucent door.
  4929 | D:5      | Noticed Blork the orc
  4941 | D:5      | Killed Blork the orc
  4942 | D:5      | Reached skill level 8 in Long Blades
  5179 | D:5      | Reached XP level 9. HP: 60/60 MP: 0/0
  5179 | D:5      | Learned a level 4 spell: Ice Form
  5343 | D:5      | Reached skill level 9 in Long Blades
  5538 | D:5      | Found a burning altar of Makhleb.
  5539 | D:5      | Reached *** piety under Trog
  6060 | D:7      | Found a flagged portal.
  6097 | Bailey   | Entered a bailey
  6121 | Bailey   | Reached skill level 10 in Long Blades
  6277 | Bailey   | Slain by a +1 spectral lajatang

Illustrated notes

Levels and vault maps discovered:
D:1:      wander_arrival_peaceful_grave, layout_basic, basic_ecumenical_altar
D:2:      layout_loops_ring, minmay_indecisive_spiral, uniq_jessica
D:3:      layout_basic, mainiacjoe_overflow_six_doors_small,
          serial_bayou_pond_c, uniq_ijyb, uniq_crazy_yiuf_cottage
D:4:      kennysheep_spiral_hall, layout_loops_ring, old_standard_altar,
          minmay_temple_entry_tees, dk_noncrumbling_3
D:5:      layout_basic, grunt_temple_overflow_lords_of_destruction,
          uniq_blork_the_orc
D:6:      layout_loops_ring, mainiacjoe_overflow_concentric_impassable
D:7:      layout_loops_ring, gammafunk_ghost_arena, enter_bailey_1,
          dreamdust_wishing_well
Temple:   nicolae_temple_bog_church
Bailey:   bailey_polearm_enchanted_keep_hellmonk, bailey

Skill      XL: |  1  2  3  4  5  6  7  8  9 |
---------------+----------------------------+-----
Long Blades    | 3 4 5 6 8 10 | 10.3
Shields        | 1 2 3 4 5 |  5.1
Fighting       | |  3.0
Armour         | |  2.0
Dodging        | |  2.1

Action                     |  1- 3 |  4- 6 |  7- 9 || total
---------------------------+-------+-------+-------++-------
  Melee: Falchion          |    87 |   163 |    55 ||   305
         Punch             |     1 |       |       ||     1
         Long sword        |       |       |    70 ||    70
         Scimitar          |       |       |    79 ||    79
  Throw: Dart              |       |     6 |    11 ||    17
 Invoke: Berserk           |     2 |     2 |     4 ||     8
         Trog's Hand       |       |       |     1 ||     1
  Evoke: Wand              |       |     2 |    15 ||    17
    Use: Scroll            |     2 |     2 |     4 ||     8
   Stab: Sleeping          |     1 |       |       ||     1
         Invisible         |       |     1 |       ||     1
 Armour: Animal skin       |     6 |       |       ||     6
         Leather armour    |     8 |     7 |       ||    15
         Ring mail         |       |    68 |    56 ||   124
         Chain mail        |       |       |     3 ||     3
  Dodge: Dodged            |    61 |    71 |    87 ||   219
  Block: Buckler           |     2 |    30 |    45 ||    77
